 Dungeon Crawl Stone Soup version 0.13.0-19-g8e0b589 (webtiles) character file.

2018 Malachi the Covered (level 9, -3/73 HPs)
             Began as a Ghoul Fighter on Oct 24, 2013.
             Was a Priest of Trog.
             Shot with an arrow by an orc warrior (5 damage)
             ... on Level 6 of the Dungeon.
             The game lasted 00:15:43 (6223 turns).

Malachi the Covered (Ghoul Fighter)                 Turns: 6223, Time: 00:15:44

HP  -3/73        AC 10     Str 23      XL: 9   Next:  2%
MP   0/6         EV  7     Int  3      God: Trog [***...]
Gold 331         SH 20     Dex  8      Spells:  0 memorised,  8 levels left

Res.Fire  : . . .   See Invis. : .   o - +0,+2 flail (crush)
Res.Cold  : + . .   Warding    : .   b - +0 scale mail
Life Prot.: + + +   Conserve   : .   c - +0 shield
Res.Poison: +       Res.Corr.  : .   (no helmet)
Res.Elec. : .       Clarity    : .   (no cloak)
Sust.Abil.: . .     Spirit.Shd : +   (no gloves)
Res.Mut.  : .       Stasis     : .   w - +0 pair of boots
Res.Rott. : +       Flight     : .   l - amulet of guardian spirit
Saprovore : + + +                    (no ring)
                                     j - +2 ring of protection

@: rotting, slightly resistant to hostile enchantments, extremely unstealthy
A: rotting body, claws 1, carnivore 3, cold resistance 1, life protection 3,
poison resistance, saprovore 3, slow healing 1, torment resistance, unbreathing
a: Burn Spellbooks, Berserk, Trog's Hand, Renounce Religion


You were on level 6 of the Dungeon.
You worshipped Trog.
Trog was most pleased with you.
You were not hungry.

You visited 1 branch of the dungeon, and saw 6 of its levels.

You collected 311 gold pieces.

Inventory:

Hand weapons
 a - a +0,+0 mace
 o - a +0,+2 flail of crushing (weapon)
 p - a -1,+4 orcish mace
 E - a +0,+0 whip of electrocution
Missiles
 d - 8 needles of slowing
 D - a throwing net (quivered)
Armour
 b - a +0 scale mail (worn)
 c - a +0 shield (worn)
 w - a +0 pair of boots (worn)
Magical devices
 r - a wand of frost (12)
Comestibles
 z - a meat ration
Scrolls
 f - 3 scrolls of teleportation
 g - 7 scrolls of identify
 h - a scroll of amnesia
 m - 2 scrolls of blinking {unknown}
 n - 2 scrolls of recharging {unknown}
 q - 2 scrolls of enchant weapon I
 t - 3 scrolls of remove curse
 u - a scroll of curse jewellery {unknown}
 v - a scroll of magic mapping {unknown}
 C - a scroll of immolation {unknown}
Jewellery
 j - a +2 ring of protection (left claw)
 l - an amulet of guardian spirit (around neck)
 y - an uncursed amulet of inaccuracy {unknown}
Potions
 e - 2 potions of invisibility {unknown}
 i - 2 potions of restore abilities {unknown}
 k - 4 potions of curing {unknown}
 s - a potion of might {unknown}
 A - a potion of beneficial mutation {unknown}
 B - a potion of resistance {unknown}
Books
 x - a book of Power

   Spells                             Type                      Level
   Iskenderun's Mystic Blast          Conjuration                  4
   Venom Bolt                         Conjuration/Poison           5
   Bolt of Magma                      Conjuration/Fire/Earth       5
   Fulminant Prism                    Conjuration/Hexes            5
   Iron Shot                          Conjuration/Earth            6
   Orb of Destruction                 Conjuration                  7
   Trog disapproves of the use of such an item.


   Skills:
 + Level 5.0 Fighting
 * Level 5.3 Maces & Flails
 + Level 5.6 Armour
 + Level 4.2 Dodging
 - Level 1.0 Stealth
 + Level 5.3 Shields


You had 8 spell levels left.
You didn't know any spells.

Dungeon Overview and Level Annotations

Branches:
Dungeon (6/27)             Temple (0/1) D:5
    Orc: D:6-11

Altars:
Sif Muna
Trog
Vehumet


Innate Abilities, Weirdness & Mutations

Your body is rotting away.
You have sharp fingernails.
You are carnivorous and can eat meat at any time.
Your flesh is cold resistant.
You are immune to negative energy.
Your system is resistant to poisons.
You thrive on rotten meat.
You heal slowly.
You are immune to unholy pain and torment.
You can survive without breathing.


Message History

The orc warrior wields an uncursed orcish morningstar.
You block the orc warrior's attack.
You see here an arrow.
You hit the orc warrior.
The orc warrior is moderately wounded.
The orc hits you with an uncursed orcish halberd!
You hit the orc warrior but do no damage.
The orc warrior is moderately wounded.
The orc warrior hits you with an uncursed orcish morningstar!
* * * LOW HITPOINT WARNING * * *
The orc hits you with an uncursed orcish halberd!
* * * LOW HITPOINT WARNING * * *
You are too injured to fight recklessly!
You are too injured to fight recklessly!
The orc warrior unwields an uncursed orcish morningstar.
The orc warrior wields an uncursed bow.
The orc warrior shoots an arrow.
The arrow misses you. The orc hits you but does no damage.
You see here 2 arrows.
The orc warrior shoots an arrow.
The arrow hits you!
You die...

#.....#####o##.......
###......)...# ....!
##............# ..$.
....##.#.####### ###
#....#..# ..##.#.# ##.
#.#.# .#
##.##.#o######.#
...##...#..o((@....#
#.....<.....########
.#####...##.#.#
...........###.#########
#######.#.## ##........#
#. #.##.###.#######.# #.
#. ##.#.## #.# ##. ..
##.## #.# ##.. ## ###
#.# ##...


You could see an orc warrior and an orc.

Vanquished Creatures
  A sky beast (D:5)
  An ice beast (D:5)
  A centaur (D:6)
  An ogre (D:5)
  2 giant frogs
  2 crimson imps (D:5)
  A jelly (D:4)
  2 orc wizards
  A giant frog skeleton (D:4)
  An iguana (D:6)
  6 hounds
  2 scorpions (D:5)
  A gnoll shaman (D:5)
  4 worker ants
  Ijyb (D:3)
  An adder (D:5)
  48 gnolls
  3 worms
  4 giant geckos
  2 oozes
  21 orcs
  A ball python (D:1)
  2 giant cockroaches (D:2)
  8 hobgoblins
  14 jackals (D:5)
  2 quokkas
  12 bats
  A giant gecko zombie (D:5)
  6 giant newts
  10 goblins
  11 kobolds
  8 rats
  A rat skeleton (D:4)
182 creatures vanquished.

Notes
Turn   | Place    | Note
--------------------------------------------------------------
     0 | D:1      | Malachi, the Ghoul Fighter, began the quest for the Orb.
     0 | D:1      | Reached XP level 1. HP: 19/19 MP: 0/0
   163 | D:1      | Reached XP level 2. HP: 23/26 MP: 1/1
   680 | D:2      | Reached XP level 3. HP: 19/32 MP: 2/2
  1231 | D:2      | Reached XP level 4. HP: 37/39 MP: 2/2
  1931 | D:3      | Noticed Ijyb
  1952 | D:3      | Killed Ijyb
  2509 | D:3      | Reached XP level 5. HP: 27/46 MP: 1/3
  2630 | D:3      | Reached skill level 1 in Dodging
  3122 | D:4      | Found a radiant altar of Vehumet.
  3154 | D:4      | Reached XP level 6. HP: 41/52 MP: 4/4
  3175 | D:4      | Reached skill level 4 in Fighting
  3536 | D:5      | Entered Level 5 of the Dungeon
  3572 | D:5      | Found a bloodstained altar of Trog.
  3607 | D:5      | Became a worshipper of Trog the Wrathful
  3657 | D:5      | Reached skill level 1 in Stealth
  3657 | D:5      | Reached XP level 7. HP: 50/59 MP: 3/4
  3927 | D:5      | Found a staircase to the Ecumenical Temple.
  3990 | D:5      | Found a deep blue altar of Sif Muna.
  4074 | D:5      | Acquired Trog's first power
  4893 | D:5      | Reached XP level 8. HP: 53/66 MP: 3/5
  4943 | D:5      | Acquired Trog's second power
  4985 | D:5      | Noticed a hill giant
  5012 | D:5      | Reached skill level 5 in Armour
  5726 | D:5      | Reached skill level 5 in Shields
  5994 | D:5      | Reached skill level 5 in Fighting
  6168 | D:6      | Reached skill level 5 in Maces & Flails
  6182 | D:6      | Reached XP level 9. HP: 51/73 MP: 4/6
  6221 | D:6      | HP: 2/73 [orc/uncursed orcish halberd (7)]
  6223 | D:6      | Shot with an arrow by an orc warrior

Action                   |  1- 3 |  4- 6 |  7- 9 || total
-------------------------+-------+-------+-------++-------
Melee: Mace              |   125 |   258 |   157 ||   540
       Flail             |       |       |   208 ||   208
       Whip              |       |       |    54 ||    54
Invok: Trog's Hand       |       |       |     2 ||     2
  Use: Scroll            |     1 |     6 |     3 ||    10
